 Dungeon Crawl Stone Soup version 0.25.1-2-g60ff931df9 (webtiles) character file.

Game seed: 3244414443683875443

56 Erymatos the Chopper (level 3, -6/34 HPs)
             Began as a Minotaur Berserker on Nov 11, 2020.
             Was a Believer of Trog.
             Mangled by Sigmund
             ... wielding a +0 scythe of protection
              (13 damage)
             ... on level 2 of the Dungeon.
             The game lasted 00:01:16 (983 turns).

Erymatos the Chopper (Minotaur Berserker)            Turns: 983, Time: 00:01:17

Health: -6/34      AC:  4    Str: 22    XL:     3   Next: 71%
Magic:  2/2        EV: 12    Int:  4    God:    Trog [**....]
Gold:   107        SH:  0    Dex:  9    Spells: 2/2 levels left

rFire    . . .     SeeInvis .   a - +0 hand axe
rCold    . . .     Gourm    .   (no shield)
rNeg     . . .     Faith    .   b - +0 animal skin
rPois    .         Spirit   .   (helmet restricted)
rElec    .         Reflect  .   i - +0 cloak
rCorr    .         Harm     .   g - +0 pair of gloves
MR       .....                  (no boots)
Stlth    +.........             (no amulet)
HPRegen  0.11/turn              (no ring)
MPRegen  0.08/turn              (no ring)

@: starving
A: retaliatory headbutt, horns 2
a: Berserk, Trog's Hand, Renounce Religion


You were on level 2 of the Dungeon.
You worshipped Trog.
Trog was pleased with you.
You were starving.

You visited 1 branch of the dungeon, and saw 2 of its levels.

You collected 107 gold pieces.

Inventory:

Hand Weapons
 a - a +0 hand axe (weapon)
Armour
 b - a +0 animal skin (worn)
 g - a +0 pair of gloves (worn)
 i - a +0 cloak (worn)
Jewellery
 e - an uncursed ring of stealth
Scrolls
 d - a scroll of fear {unknown}
 h - a scroll of immolation {unknown}
 k - a scroll of remove curse {unknown}
Potions
 f - a potion of ambrosia {unknown}
 j - a potion of heal wounds {unknown}
Comestibles
 c - 2 rations


   Skills:
 + Level 4.5 Fighting
 + Level 4.7 Axes
 + Level 2.5 Armour
 + Level 2.5 Dodging


You had 2 spell levels left.
You didn't know any spells.
Your spell library was empty.

Dungeon Overview and Level Annotations

Branches:
Dungeon (2/15)

Altars:

Annotations:
D:2 Sigmund


Innate Abilities, Weirdness & Mutations

You reflexively headbutt those who attack you in melee.
You have a pair of horns on your head.


Message History

You hit something. Your headbutt misses something.
Unknown command.
You hit something but do no damage.
You hear some strange, mumbled words.
Something tries to affect you, but you resist.
You miss something. Something hits you but does no damage.
Unknown command.
You miss something. Your headbutt misses something.
Something hits you but does no damage.
You miss something. Your headbutt misses something.
Unknown command.
You closely miss something. You headbutt something. Something hits you.
* * * LOW HITPOINT WARNING * * *
Unknown command.
You miss something. Your headbutt misses something.
Something barely misses you.
Unknown command.
You barely miss something. You closely miss something.
Your headbutt misses something. Something hits you!
You die...

#.#.## ##.[.....#####
#....####.......).# #
#.......'.........+ ..
###....####.........###.
#.......# ##.......## #.
#.#.###.# ##.....## #. #
# #.# ##...## #. #.#
##'## #@# #.# ......†{.#
# .........# .........#
.........# ..........
.........# .........#


There were no monsters in sight!

Vanquished Creatures
  Robin (D:2)
  2 dart slugs (D:1)
  2 bats (D:1)
  2 giant cockroaches (D:1)
  13 goblins
  7 hobgoblins
  2 frilled lizards (D:1)
  5 kobolds (D:1)
  4 rats (D:1)
38 creatures vanquished.

Vanquished Creatures (others)
  A frilled lizard (D:2)
1 creature vanquished.

Grand Total: 39 creatures vanquished

Notes
Turn   | Place    | Note
-------+----------+-------------------------------------------
     0 | D:1      | Erymatos the Minotaur Berserker began the quest for the
                  | Orb.
     0 | D:1      | Reached XP level 1. HP: 19/19 MP: 0/0
    68 | D:1      | Reached XP level 2. HP: 20/27 MP: 1/1
   528 | D:1      | Reached ** piety under Trog
   528 | D:1      | Reached XP level 3. HP: 33/33 MP: 2/2
   736 | D:2      | Noticed Robin
   750 | D:2      | Killed Robin
   951 | D:2      | Noticed Sigmund
   983 | D:2      | Mangled by Sigmund

Illustrated notes

Levels and vault maps discovered:
D:1:      psy_arrival_radial01, layout_rooms
D:2:      layout_loops_corners, lemuel_doored_altar, fiery_altar_vehumet,
          uniq_sigmund, uniq_robin

Skill      XL: |  1  2 |
---------------+-------+-----
Axes           | 4 |  4.7
Fighting       | 4 |  4.5
Armour         | |  2.5
Dodging        | |  2.5

Action                   || total
-------------------------++-------
Melee: Hand axe          ||    70
       Headbutt          ||     8
Invok: Berserk           ||     2
Armor: Animal skin       ||    14
Dodge: Dodged            ||    52
